 Dungeon Crawl Stone Soup version 0.31-a0-221-gbddc013574 (webtiles) character file.

Game seed: 3463725230264901904

54 qw the Chopper (level 3, -4/23 HPs)
             Began as a Gargoyle Fighter on July 3, 2023.
             Slain by a gnoll
             ... wielding a +0 spear
              (6 damage)
             ... on level 2 of the Dungeon.
             The game lasted 00:00:30 (1189 turns).

qw the Chopper (Gargoyle Fighter)                   Turns: 1189, Time: 00:00:31

Health: -4/23      AC: 10    Str: 21    XL:     3   Next: 91%
Magic:  3/3        EV:  9    Int:  8    God:
Gold:   77         SH:  4    Dex:  9    Spells: 2/2 levels left

rFire   . . .        Y - +0 war axe
rCold   . . .        c - +0 buckler
rNeg    + . .        b - +0 scale mail
rPois   inf          (no helmet)
rElec   +            (no cloak)
rCorr   .            (no gloves)
SInv    .            (no boots)
Will    .....        (no amulet) Stlth
                     (no ring)
HPRegen 0.23/turn    (no ring)
MPRegen 0.08/turn

%: no passive effects
@: no status effects
A: sickness immunity, AC +3, negative energy resistance 1, electricity
resistance, torment resistance 1, petrification resistance
a: no special abilities


You were on level 2 of the Dungeon.
You visited 1 branch of the dungeon, and saw 2 of its levels.

You collected 77 gold pieces.


Innate Abilities, Weirdness & Mutations

You are immune to sickness and miasma.
Your stone body is resilient. (AC +3)
You are immune to poison.
You resist negative energy. (rN+)
You are resistant to electric shocks. (rElec)
You are resistant to unholy torment.
You are immune to petrification.


   Skills:
 - Level 3.2 Fighting
 + Level 3.7 Axes
 - Level 3.2 Armour
 - Level 3.2 Shields


You had 2 spell levels left.
You didn't know any spells.
Your spell library was empty.

Inventory:

Hand Weapons
 e - a +0 whip of venom
 Y - a +0 war axe (weapon)
Armour
 b - a +0 scale mail (worn)
 c - a +0 buckler (worn)
Potions
 d - 3 potions of might
 f - a potion of enlightenment {unknown}
 g - a potion of degeneration {unknown}
 h - a potion of heal wounds {unknown}

Dungeon Overview and Level Annotations

Branches:
Dungeon (2/15)

Altars:


Message History

The gnoll is almost dead.
The gnoll hits you from afar with a +0 halberd.
The gnoll hits you but does no damage.
You hit the gnoll.
You kill the gnoll!
The gnoll misses you. The gnoll hits you with a +0 halberd.
The gnoll closely misses you.
Things that are here:
a +0 club; a gnoll corpse You hit the gnoll.
The gnoll is moderately wounded.
You block the gnoll's attack. The gnoll hits you with a +0 halberd.
A gnoll comes into view. It is wielding a +0 spear.
The gnoll barely misses you.
You hit the gnoll.
The gnoll is heavily wounded.
You block the gnoll's attack. The gnoll hits you but does no damage.
You hit the gnoll.
The gnoll is severely wounded.
The gnoll closely misses you.
The gnoll hits you from afar with a +0 spear.
You closely miss the gnoll.
The gnoll is severely wounded.
The gnoll barely misses you.
The gnoll hits you but does no damage. x2
You closely miss the gnoll.
The gnoll is severely wounded.
The gnoll hits you with a +0 halberd. The gnoll closely misses you.
You slash the gnoll!
You kill the gnoll!
The gnoll hits you from afar with a +0 spear.
An endoplasm comes into view.
The endoplasm quivers.
The gnoll closely misses you. The gnoll hits you with a +0 spear.
There is a stone staircase leading up here.
Things that are here:
a +0 halberd; a gnoll corpse
1189 ||| STAIRDANCE The gnoll hits you from afar with a +0 spear.
The gnoll hits you with a +0 spear.
You die...

## #.########
#.......#
#######
##.####.#
...J.gg## ##.#
#.# #@###.##
#.# ##)#.## #.#
##.######.####
#.............#
#.########.##.#
#. #.##.# #
#.##.# #.##.#
#.##.#


You could see 2 gnolls and an endoplasm.

Vanquished Creatures
  2 gnolls (D:2)
  2 dart slugs (D:1)
  2 bats (D:1)
  4 endoplasms (D:1)
  A giant cockroach (D:1)
  2 goblins (D:1)
  3 hobgoblins
  2 jackals (D:1)
  3 kobolds
  A quokka (D:1)
  2 ball pythons
  5 frilled lizards (D:1)
29 creatures vanquished.

Notes
Turn   | Place    | Note
-------+----------+-------------------------------------------
     0 | D:1      | qw the Gargoyle Fighter began the quest for the Orb.
     0 | D:1      | Reached XP level 1. HP: 14/14 MP: 1/1
     0 | D:1      | 0 ||| qw: Version: 0.3-a-40-ge99b1a8
     0 | D:1      | 0 ||| qw: Game counter: 565
     0 | D:1      | 0 ||| qw: Melee chars always use a shield: true
     0 | D:1      | 0 ||| qw: God list: Okawaru
     0 | D:1      | 0 ||| qw: Allow faded altars: false
     0 | D:1      | 0 ||| qw: Do Orc after clearing Dungeon:15 true
     0 | D:1      | 0 ||| qw: Do second Lair branch before Depths: true
     0 | D:1      | 0 ||| qw: Lair rune preference: random
     0 | D:1      | 0 ||| qw: Goals: Normal, Zot:1-4, Slime:5, God:TSO, Crypt,
                  | Tomb, Abyss, Pan, Hells, Win
     0 | D:1      | 0 ||| PLANNING D:1-11
   132 | D:1      | Reached XP level 2. HP: 19/19 MP: 2/2
   524 | D:1      | Reached skill level 3 in Axes
   757 | D:1      | Reached XP level 3. HP: 23/23 MP: 3/3
   938 | D:1      | Found a faded altar of an unknown god.
   939 | D:1      | 939 ||| Stepping ~*~*~tactically~*~*~ (stealth).
  1097 | D:1      | 1097 ||| READING scroll labelled QUECZA SUMU.
  1188 | D:2      | HP: 3/23 [gnoll/+0 spear (4)]
  1189 | D:2      | 1189 ||| STAIRDANCE
  1189 | D:2      | Slain by a gnoll

Levels and vault maps discovered:
D:1:      eino_arrival_cavern_b, layout_loops_corners,
          ebering_ecumenical_altar_abandoned, dk_noncrumbling_3
D:2:      layout_loops_ring, uniq_sigmund

Skill      XL: |  1  2 |
---------------+-------+-----
Axes           | 2 3 |  3.7
Fighting       | |  3.2
Armour         | |  3.2
Shields        | |  3.2

Action                     || total
---------------------------++-------
  Melee: War axe           ||    89
  Throw: Boomerang         ||     6
    Use: Scroll            ||     1
 Armour: Scale mail        ||    48
  Dodge: Dodged            ||    40
  Block: Buckler           ||    17

Table legend:
 A = Non-vault XP
 B = Vault XP
 C = Vault XP percentage of total XP
 D = Non-vault monster count
 E = Vault monster count
 F = Vault count percentage of total count
                 A         B        C        D         E       F
            +---------+---------+-------+---------+---------+-------
      Total |      78 |       0 |   0.0 |      29 |       0 |   0.0
            +---------+---------+-------+---------+---------+-------
        D:1 |      45 |       0 |   0.0 |      24 |       0 |   0.0
        D:2 |      33 |       0 |   0.0 |       5 |       0 |   0.0
            +---------+---------+-------+---------+---------+-------
